 Dungeon Crawl Stone Soup version 0.18.1-6-gd335043 (webtiles) character file.

219 manyhoops the Skirmisher (level 5, -11/43 HPs)
             Began as a Demonspawn Fighter on May 18, 2016.
             Was an Initiate of Okawaru.
             Mangled by an orc warrior
             ... wielding a +0 scimitar
              (18 damage)
             ... on level 4 of the Dungeon.
             The game lasted 00:03:32 (2471 turns).

manyhoops the Skirmisher (Demonspawn Fighter)       Turns: 2471, Time: 00:03:33

Health: -11/43     AC:  8    Str: 17    XL:     5   Next: 64%
Magic:  5/5        EV:  9    Int:  9    God:    Okawaru [......]
Gold:   169        SH:  0    Dex: 13    Spells: 0 memorised, 4 levels left

rFire  . . .     SeeInvis .     a - +0 war axe
rCold  . . .     Gourm    .     b - +1 scale mail
rNeg   . . .     Faith    .     (no shield)
rPois  +         Spirit   .     (helmet restricted)
rElec  .         Dismiss  .     (no cloak)
rCorr  .         Reflect  .     (no gloves)
SustAt .         Harm     .     (no boots)
MR     .....                    (no amulet)
Stlth  ..........               g - ring of poison resistance
                                (no ring)

@: not resistant to hostile enchantments, extremely unstealthy
A: horns 1, demonic guardian 1
a: Renounce Religion


You were on level 4 of the Dungeon.
You worshipped Okawaru.
Okawaru was noncommittal.
You were not hungry.

You visited 2 branches of the dungeon, and saw 5 of its levels.

You collected 169 gold pieces.

Inventory:

Hand Weapons
 a - a +0 war axe (weapon)
Armour
 b - a +1 scale mail (worn)
 w - a +0 cloak
Jewellery
 g - a ring of poison resistance (right hand)
Scrolls
 c - 3 scrolls of teleportation
 k - a scroll of fog {unknown}
 l - 3 scrolls of remove curse
 m - 2 scrolls of enchant armour
 p - 2 scrolls of immolation {unknown}
 s - a scroll of noise {unknown}
 u - a scroll of blinking {unknown}
 v - a scroll of random uselessness {unknown}
Potions
 d - 2 potions of might
 e - a potion of magic {unknown}
 i - a potion of berserk rage {unknown}
 j - a potion of haste {unknown}
 n - 4 potions of heal wounds {unknown}
 o - 2 potions of curing {unknown}
 r - a potion of brilliance {unknown}
Comestibles
 f - 4 bread rations
 h - 3 meat rations
 q - a beef jerky
 t - a slice of pizza


   Skills:
 + Level 4.4 Fighting
 + Level 3.3 Axes
 + Level 4.0 Armour
   Level 2.6 Shields


You had 4 spell levels left.
You didn't know any spells.

Dungeon Overview and Level Annotations

Branches:
Dungeon (4/15)             Temple (1/1) D:4

Altars:
Ashenzari
Dithmenos
Fedhas
Kikubaaqudgha
Okawaru
Qazlal
Ru
Vehumet
Yredelemnul
Zin


Innate Abilities, Weirdness & Mutations

You have a pair of small horns on your head.
A weak demonic guardian rushes to your aid.


Message History

You closely miss the orc warrior. Your headbutt misses the orc warrior.
The orc warrior is lightly wounded.
Your quasit bites the orc warrior but does no damage.
Your quasit claws the orc warrior but does no damage. x2
The orc warrior hits you with a scimitar!
Your crimson imp hits the orc warrior but does no damage.
Your quasit misses the orc warrior.
Your quasit claws the orc warrior but does no damage. x2
Your crimson imp barely misses the orc warrior.
The orc warrior hits you with a scimitar!!
* * * LOW HITPOINT WARNING * * *
You hit the orc warrior but do no damage.
Your headbutt misses the orc warrior.
The orc warrior is lightly wounded.
Your quasit bites the orc warrior but does no damage.
Your quasit claws the orc warrior but does no damage.
Your quasit closely misses the orc warrior.
Your crimson imp blinks!
The orc warrior hits you with a scimitar!!
You die...

.............#
............####### .
.###'#.......#...##..
...#.......#.......
.. #......5#.......
#.......'.......
#.......#######'
###...........#
#....@......#
#.....o.....#
#....ยง5o....#
#.......o...#
#...........#
#...........#
#...........#
....#####'#......#
.... ...+......'.


You could see an orc warrior, 2 orcs, a friendly quasit and a friendly crimson
imp.

Vanquished Creatures
  A hound (D:4)
  An orc priest (D:3)
  Ijyb (D:3)
  An orc wizard (D:4)
  A worker ant (D:4)
  An adder (D:2)
  3 worms
  3 dart slugs
  A giant gecko (D:1)
  5 orcs
  3 bats
  4 giant cockroaches
  7 goblins
  8 hobgoblins
  4 jackals
  A quokka (D:2)
  A giant newt (D:1)
  7 kobolds
  10 rats
63 creatures vanquished.

Vanquished Creatures (collateral kills)
  An orc (D:4)
1 creature vanquished.

Grand Total: 64 creatures vanquished

Notes
Turn   | Place    | Note
--------------------------------------------------------------
     0 | D:1      | manyhoops the Demonspawn Fighter began the quest for the Orb.
     0 | D:1      | Reached XP level 1. HP: 18/18 MP: 1/1
   118 | D:1      | Gained mutation: You have a pair of small horns on your head. [demonic ancestry]
   118 | D:1      | Reached XP level 2. HP: 23/24 MP: 2/2
   476 | D:2      | Reached XP level 3. HP: 22/29 MP: 3/3
   879 | D:2      | Found a shadowy altar of Dithmenos.
  1451 | D:3      | Noticed Ijyb
  1466 | D:3      | Killed Ijyb
  1466 | D:3      | Gained mutation: A weak demonic guardian rushes to your aid. [demonic ancestry]
  1466 | D:3      | Reached XP level 4. HP: 22/37 MP: 4/4
  1796 | D:3      | Found a radiant altar of Vehumet.
  2172 | D:4      | Reached XP level 5. HP: 42/42 MP: 5/5
  2223 | D:4      | Found a staircase to the Ecumenical Temple.
  2272 | Temple   | Entered the Ecumenical Temple
  2301 | Temple   | Became a worshipper of Warmaster Okawaru
  2460 | D:4      | Noticed an orc warrior
  2471 | D:4      | Mangled by an orc warrior

Skill      XL: |  1  2  3  4  5 |
---------------+----------------+-----
Armour         | 3 4 |  4.0
Axes           | 2 3 |  3.3
Fighting       | 4 |  4.4
Shields        | |  2.6

Action                   |  1- 3 |  4- 6 || total
-------------------------+-------+-------++-------
Melee: War axe           |    95 |    65 ||   160
       Headbutt          |     8 |    17 ||    25
  Use: Scroll            |     2 |     1 ||     3
  Eat: Chunk             |     1 |       ||     1
       Meat ration       |       |     1 ||     1
Armor: Scale mail        |    52 |    25 ||    77
Dodge: Dodged            |    46 |    35 ||    81
